 Dungeon Crawl Stone Soup version 0.32-a0-921-g04a7ad8 (webtiles) character file.

Game seed: 6046241917804298432

257 utonium the Cudgeller (level 6, -8/93 HPs)
             Began as an Oni Fighter on Apr 11, 2024.
             Was an Initiate of Okawaru.
             Mangled by a gnoll
             ... wielding a +0 halberd
             ... led by a gnoll bouda
              (11 damage)
             ... on level 3 of the Dungeon.
             The game lasted 00:03:00 (2326 turns).

utonium the Cudgeller (Oni Fighter)                 Turns: 2326, Time: 00:03:01

Health: -8/93      AC:  5    Str: 21    XL:     6   Next: 16%
Magic:  5/7        EV:  9    Int: 17    God:    Okawaru [......]
Gold:   196        SH:  9    Dex:  8    Spells: 5/5 levels left

rFire   . . .        a - +1 flail
rCold   . . .        c - +0 kite shield
rNeg    . . .        l - +2 robe {Will+}
rPois   .            (helmet restricted)
rElec   .            (no cloak)
rCorr   +            (gloves unavailable)
SInv    .            (boots unavailable)
Will    +....        (no amulet) Stlth
                     g - ring of resist corrosion
HPRegen 0.35/turn    j - +6 ring of intelligence
MPRegen 0.10/turn

%: no passive effects
@: berserking, heroic, very quick
A: large, unfitting armour, horns 1, tough skin 1, double potion healing,
drunken brawling
a: Renounce Religion


You were on level 3 of the Dungeon.
You worshipped Okawaru.
Okawaru was noncommittal.
You visited 1 branch of the dungeon, and saw 3 of its levels.

You collected 196 gold pieces.

Inventory:

Hand Weapons
 a - a +1 flail (weapon)
Armour
 c - a +0 kite shield (worn)
 l - a +2 robe of willpower (worn)
Jewellery
 g - a ring of resist corrosion (left hand)
 j - a +6 ring of intelligence (right hand)
Wands
 f - a wand of flame (31)
Scrolls
 b - 2 scrolls of revelation
 i - a scroll of vulnerability
Potions
 d - a potion of might
 e - a potion of brilliance {unknown}
 h - 2 potions of magic
 k - a potion of berserk rage
 m - a potion of curing {unknown}
 n - a potion of attraction {unknown}


   Skills:
 - Level 4.0(9.0) Fighting
 * Level 5.1(10.1) Maces & Flails
 + Level 2.4(7.4) Throwing
 - Level 2.6(7.6) Dodging
 - Level 2.6(7.6) Shields
 + Level 2.4 Invocations


You had 5 spell levels left.
You didn't know any spells.
Your spell library contained the following spells:

 Spells                   Type           Power      Damage    Failure   Level
 Kiss of Death            Conj/Necr      0%         2d5       43%         1
 Magic Dart               Conj           0%         1d3       43%         1
 Searing Ray              Conj           0%         2d4       56%         2
 Confusing Touch          Hex            0%         N/A       80%         3
 Dispel Undead            Necr           0%         3d6       99%         4
 Fulminant Prism          Conj/Alch      0%         3d5       99%         4


Dungeon Overview and Level Annotations

Branches:
Dungeon (3/15)

Altars:
Fedhas
Okawaru


Innate Abilities, Weirdness & Mutations

You are too large for most types of armour.
You have a pair of small horns on your head.
You have tough skin. (AC +1)
You gain doubled healing and magic from potions.
Whenever you drink a healing potion, you attack all around you.


Message History

You are too injured to fight recklessly!
You hit the gnoll bouda.
The gnoll bouda is severely wounded.
The gnoll hits you but does no damage.
The gnoll bouda hits you with a +0 whip!
* * * LOW HITPOINT WARNING * * *
You gain the combat prowess of a mighty hero.
You can no longer gain great but temporary skills.
The gnoll hits you from afar with a +0 halberd!
* * * LOW HITPOINT WARNING * * *
The gnoll bouda closely misses you.
You sock the gnoll bouda!
You kill the gnoll bouda!
Okawaru accepts your kill.
Your attacks no longer feel as feeble.
The gnoll hits you from afar with a +0 halberd!
* * * LOW HITPOINT WARNING * * *
Throw: throwing net
Press: ? - help, Q - select action, (/) - cycle Shift-Dir - straight line, f - gnoll
Aim: a gnoll, wielding a +0 halberd (covering ground quickly, 64% to hit)
You throw a throwing net.
The throwing net closely misses the gnoll.
The gnoll closely misses you.
Unknown command.
It was a potion of berserk rage.
A red film seems to cover your vision as you go berserk!
You feel yourself moving faster!
You feel mighty!
The gnoll is no longer moving quickly.
You block the gnoll's attack.
You feel a strong urge to attack something.
You block the gnoll's attack.
Things that are here:
a +0 whip; a +0 robe; a gnoll corpse You barely miss the gnoll.
Your headbutt misses the gnoll. You sock the gnoll!
The gnoll is severely wounded.
You block the gnoll's attack.
You barely miss the gnoll.
The gnoll is severely wounded.
The gnoll hits you with a +0 halberd!
You die...

..##....##.#.###..####.#.....#
..##o#####.#.# #.....#.#.###.#
..##.#####.#.###g###.#.#.....#
............................##
PPP...P..P.._..P.PP..PPPP...#
...........................##
######.....#....g###.#.#####
##...###.#####g# #...#
#........# #@# #.###
...P..P..#####.#####
.PP...PP.##........#
.......P.##........#
.P.....P.##........#
.PP.P..P.##........#
.PPP......####.#####
...PP.....####.#
......)..#.##.#


You could see 3 gnolls.

Vanquished Creatures
  A hound (D:3)
  A gnoll bouda (D:3)
  Jessica (D:2)
  Natasha (twice) (D:3)
  An iguana (D:3)
  An orc wizard (D:2)
  A gnoll (D:1)
  6 orcs
  4 bats
  5 endoplasms
  2 giant cockroaches (D:1)
  5 hobgoblins
  3 jackals (D:2)
  10 kobolds
  A quokka (D:1)
  2 ball pythons
  3 frilled lizards
  8 goblins
  4 rats
61 creatures vanquished.

Notes
Turn   | Place    | Note
-------+----------+-------------------------------------------
     0 | D:1      | utonium the Oni Fighter began the quest for the Orb.
     0 | D:1      | Reached XP level 1. HP: 24/24 MP: 1/1
   108 | D:1      | Reached XP level 2. HP: 32/32 MP: 2/2
   152 | D:1      | Reached skill level 3 in Maces & Flails
   239 | D:1      | Reached XP level 3. HP: 39/39 MP: 3/3
   923 | D:2      | Found a faded altar of an unknown god.
  1223 | D:2      | Reached skill level 1 in Throwing
  1269 | D:2      | Found an iron altar of Okawaru.
  1278 | D:2      | Became a worshipper of Warmaster Okawaru
  1301 | D:2      | Noticed Jessica
  1306 | D:2      | Killed Jessica
  1307 | D:2      | Reached skill level 4 in Maces & Flails
  1307 | D:2      | Reached XP level 4. HP: 33/48 MP: 4/4
  1607 | D:3      | Noticed Natasha
  1614 | D:3      | Reached skill level 1 in Invocations
  1617 | D:3      | Reached XP level 5. HP: 47/54 MP: 5/5
  2176 | D:3      | Found a blossoming altar of Fedhas.
  2181 | D:3      | Killed Natasha
  2219 | D:3      | Noticed Natasha
  2226 | D:3      | Killed Natasha
  2226 | D:3      | Reached * piety under Okawaru
  2227 | D:3      | Reached skill level 5 in Maces & Flails
  2227 | D:3      | Reached XP level 6. HP: 49/62 MP: 7/7
  2320 | D:3      | HP: 1/62 [gnoll/+0 halberd[a gnoll bouda] (8)]
  2326 | D:3      | Mangled by a gnoll

Illustrated notes

Levels and vault maps discovered:
D:1:      erik_arrival_blinker_ship, layout_basic, hangedman_decor_push
D:2:      layout_basic, hellmonk_ecumenical_altar_inner_sanctum, basic_altar,
          uniq_jessica
D:3:      layout_basic, mainiacjoe_overflow_boulevard, nicolae_grassy_gnolls,
          uniq_natasha

Skill      XL: |  1  2  3  4  5 |
---------------+----------------+-----
Maces & Flails | 3 4 5 |  5.1
Throwing       | 1 2 |  2.4
Invocations    | 1 2 |  2.4
Fighting       | |  4.0
Dodging        | |  2.6
Shields        | |  2.6

Action                     |  1- 3 |  4- 6 || total
---------------------------+-------+-------++-------
  Melee: Flail             |    98 |    81 ||   179
         Headbutt          |    13 |    11 ||    24
  Throw: Throwing net      |       |     1 ||     1
 Invoke: Heroism           |       |     1 ||     1
    Use: Scroll            |     6 |     1 ||     7
         Potion            |       |     1 ||     1
 Armour: Robe              |    59 |    68 ||   127
  Dodge: Dodged            |    42 |    26 ||    68
  Block: Kite shield       |    39 |    43 ||    82

Table legend: (Time is in decaauts)
 A = Elapsed time spent in this place.
 B = Non-inter-level travel time spent in this place.
 C = Inter-level travel time spent in this place.
 D = Time resting spent in this place.
 E = Time spent auto-exploring this place.
 F = Levels seen in this place.
 G = Mean time per level.
                   A        B        C        D        E       F      G
               +--------+--------+--------+--------+--------+-----+--------+
         Total |   2388 |   2295 |     93 |    120 |   1714 |   3 |  796.0 |
       Dungeon |   2388 |   2295 |     93 |    120 |   1714 |   3 |  796.0 |
               +--------+--------+--------+--------+--------+-----+--------+

Top non-repeatable levels by time:
     D:2: 962 daAuts
     D:1: 848 daAuts
     D:3: 576 daAuts
